 Dungeon Crawl Stone Soup version 0.23-a0-303-gfcac5de (webtiles) character file.

37 Ijustatesigmund the Magician (level 3, 0/21 HPs)
             Began as an Octopode Wizard on Oct 8, 2018.
             Slain by a kobold
             ... wielding a +0 short sword
              (3 damage)
             ... on level 1 of the Dungeon.
             The game lasted 00:02:39 (1678 turns).

Ijustatesigmund the Magician (Octopode Wizard)      Turns: 1678, Time: 00:02:40

Health: 0/21       AC:  2    Str:  6    XL:     3   Next: 39%
Magic:  3/7        EV: 13    Int: 20    God:
Gold:   89         SH:  0    Dex: 11    Spells: 5/8 levels left

rFire    . . .     SeeInvis .   b - +0 short sword
rCold    . . .     Gourm    .   (no shield)
rNeg     . . .     Faith    .   a - +1 hat
rPois    .         Spirit   .   (no amulet)
rElec    .         Reflect  .   f - ring of protection from magic
rCorr    .         Harm     .   (no ring)
MR       +....                  (no ring)
Stlth    +++.......             (no ring)
HPRegen  0.07/turn              (no ring)
MPRegen  0.10/turn              (no ring)
                                (no ring)
                                (no ring)

@: very slightly contaminated
A: almost no armour, stealthy swim, amphibious, 8 rings, constrict 8, camouflage
1, gelatinous body 1
a: no special abilities


You were on level 1 of the Dungeon.
You were not hungry.

You visited 1 branch of the dungeon, and saw 2 of its levels.

You collected 89 gold pieces.

Inventory:

Hand Weapons
 b - a +0 short sword (weapon)
Armour
 a - a +1 hat (worn)
Jewellery
 f - a ring of protection from magic (left tentacle)
Scrolls
 g - a scroll of magic mapping {unknown}
 i - a scroll of blinking {unknown}
Potions
 d - a potion of ambrosia {unknown}
 e - 2 potions of lignification
Comestibles
 c - 2 rations


   Skills:
 - Level 2.0 Dodging
 - Level 2.6 Stealth
 - Level 3.0 Spellcasting
 + Level 2.6 Conjurations
   Level 1.0 Summonings
 * Level 2.0 Translocations


You had 5 spell levels left.
You knew the following spells:

 Your Spells              Type           Power        Failure   Level  Hunger
a - Magic Dart            Conj           ##..         4%          1    None
b - Blink                 Tloc           N/A          10%         2    ##.....

Your spell library contained the following spells:

 Spells                   Type           Power        Failure   Level  Hunger
 Call Imp                 Summ           #.......     14%         2    ##.....
 Slow                     Hex            #.......     22%         2    ##.....
 Conjure Flame            Conj/Fire      #.......     26%         3    ###....
 Mephitic Cloud           Conj/Pois/Air  #.......     30%         3    ###....


Dungeon Overview and Level Annotations

Branches:
Dungeon (2/15)

Altars:


Innate Abilities, Weirdness & Mutations

You cannot wear most types of armour.
You are very stealthy in the water. (Stealth+)
You are amphibious.
You can wear up to eight rings at the same time.
You can use your tentacles to constrict eight enemies at once.
Your skin changes colour to match your surroundings (Stealth+).
Your rubbery body absorbs attacks. (AC +1, EV +1)


Message History

The kobold barely misses you. The rat misses you.
A mysterious force pulls you upwards. The hatch slams shut behind you.
Casting: Magic Dart (safe; 4% risk of failure)
Confirm with . or Enter, or press ? or * to list all spells.
Aiming: Magic Dart (safe; 4% risk of failure)
Press: ? - help, Shift-Dir - straight line, f - worm
Aim: a worm You miscast Magic Dart.
You are very lightly contaminated with residual magic.
Your skin tingles.
The kobold barely misses you. The worm bites you!
* * * LOW HITPOINT WARNING * * *
Casting: Magic Dart (safe; 4% risk of failure)
Confirm with . or Enter, or press ? or * to list all spells.
Aiming: Magic Dart (safe; 4% risk of failure)
Press: ? - help, Shift-Dir - straight line, f/p - worm
Aim: a worm The magic dart hits the worm.
The worm is moderately wounded.
The kobold hits you with a short sword.
You die...

#.######.##### #..# #.#....#.#
#..# #.#.##.#.# #..# .......#.#
##..# #[#.[.##.######### #...###
..###.##.##..(...# #..>'.#
...P#.....+......# #...#.#
..P≈###.###......#######.########
.P≈≈###.###....w@..##....[.......
P≈≈≈#........##.K..##.....#######
≈≈≈≈###......##....##(....# #
≈≈≈≈# ######.##.#####.....# #
≈≈≈≈# #.##.#####.....### # P≈≈≈#
#.##...[.'.......# # .P≈≈# ###
#.########.....#.# # ..P≈####.#
#.########.#####.# # ...P#....#
#.....†..#.# #.# #


You could see a worm and a kobold.

Vanquished Creatures
  An adder (D:2)
  A dart slug (D:1)
  4 giant cockroaches
  2 goblins
  5 hobgoblins
  A bat (D:1)
  2 frilled lizards (D:1)
  5 kobolds (D:1)
  4 rats (D:1)
25 creatures vanquished.

Notes
Turn   | Place    | Note
-------+----------+-------------------------------------------
     0 | D:1      | Ijustatesigmund the Octopode Wizard began the quest for the
                  | Orb.
     0 | D:1      | Reached XP level 1. HP: 11/11 MP: 4/4
   477 | D:1      | Reached XP level 2. HP: 12/17 MP: 1/6
   624 | D:1      | Learned a level 2 spell: Blink
  1274 | D:2      | Reached XP level 3. HP: 21/21 MP: 2/7
  1678 | D:1      | Slain by a kobold

Vault maps used:
D:1:      eino_arrival_druids_welcome
D:2:      grunt_qazlal_clouds, bh_walls_and_bars, uniq_natasha

Skill      XL: |  1  2  3 |
---------------+----------+-----
Conjurations   | 2 |  2.6
Translocations | 2 |  2.0
Dodging        | |  2.0
Stealth        | |  2.6
Spellcasting   | |  3.0
Summonings     | |  1.0

Action                   || total
-------------------------++-------
Melee: Unarmed           ||     9
       Constrict         ||     6
       Tentacles         ||     4
       Short sword       ||    26
 Cast: Magic Dart        ||    50
  Use: Scroll            ||     3
  Eat: Chunk             ||     2
Armor: Skin              ||     8
Dodge: Dodged            ||    45

Table legend:
 A = Non-vault XP
 B = Vault XP
 C = Vault XP percentage of total XP
 D = Non-vault monster count
 E = Vault monster count
 F = Vault count percentage of total count
                 A         B        C        D         E       F
            +---------+---------+-------+---------+---------+-------
      Total |      53 |       0 |   0.0 |      25 |       0 |   0.0
            +---------+---------+-------+---------+---------+-------
        D:1 |      30 |       0 |   0.0 |      19 |       0 |   0.0
        D:2 |      23 |       0 |   0.0 |       6 |       0 |   0.0
            +---------+---------+-------+---------+---------+-------
